 Dungeon Crawl Stone Soup version 0.31.0-11-ge490571c62 (webtiles) character file.

Game seed: 9643176109572633216

529 nicanaca0 the Cleaver (level 7, 0/85 HPs)
             Began as a Minotaur Berserker on Jan 26, 2024.
             Was a Believer of Trog.
             Succumbed to a hornet's poison
             ... while paralysed by a hornet
             ... on level 4 of the Dungeon.
             The game lasted 00:06:27 (2159 turns).

nicanaca0 the Cleaver (Minotaur Berserker)          Turns: 2159, Time: 00:06:28

Health: 0/85       AC: 10    Str: 28    XL:     7   Next: 3%
Magic:  6/6        EV:  2    Int:  6    God:    Trog [**....]
Gold:   202        SH:  0    Dex:  9    Spells: 6/6 levels left

rFire   . . .        a - +0 hand axe
rCold   . . .        (no shield)
rNeg    . . .        r - +0 scale mail
rPois   .            (helmet restricted)
rElec   .            m - +1 cloak
rCorr   .            f - +1 pair of gloves
SInv    .            (no boots)
Will    .....        (no amulet) Stlth
                     d - +6 ring of strength
HPRegen 0.34/turn    (no ring)
MPRegen 0.10/turn

%: no passive effects
@: paralysed, berserking, lethally poisoned (0 -> -6), held, slowed
A: horns 2, retaliatory headbutt
a: Renounce Religion, Berserk, Trog's Hand


You were on level 4 of the Dungeon.
You worshipped Trog.
Trog was pleased with you.
You visited 1 branch of the dungeon, and saw 4 of its levels.

You collected 202 gold pieces.

Inventory:

Hand Weapons
 a - a +0 hand axe (weapon)
 k - a +2 whip of pain
 t - a +1 dagger of venom
Missiles
 p - 4 poisoned darts
 s - 4 boomerangs (quivered)
 u - 4 stones
Armour
 f - a +1 pair of gloves (worn)
 j - an orb of wrath
 l - a +0 pair of gloves
 m - a +1 cloak (worn)
 n - a +0 ring mail
 r - a +0 scale mail (worn)
Jewellery
 d - a +6 ring of strength (left hand)
Scrolls
 e - 3 scrolls of identify {unknown}
 o - a scroll of silence
 w - a scroll of blinking {unknown}
Potions
 b - a potion of mutation {unknown}
 c - 2 potions of invisibility
 g - a potion of curing {@q1}
 h - a potion of attraction {unknown}
 i - a potion of enlightenment {unknown}
 q - a potion of heal wounds
 v - 2 potions of brilliance {unknown}


   Skills:
 - Level 3.6 Fighting
 * Level 9.7 Axes
 - Level 2.4 Armour
 - Level 2.1 Dodging


You had 6 spell levels left.
You didn't know any spells.
Your spell library was empty.

Dungeon Overview and Level Annotations

Branches:
Dungeon (4/15)
 Temple: D:4-7

Altars:
Zin


Innate Abilities, Weirdness & Mutations

You have a pair of horns on your head.
You reflexively headbutt those who attack you in melee.


Message History

The hornet stings you but does no damage.
The adder bites you but does no damage. The hornet barely misses you.
The adder bites you but does no damage.
You hit the hornet.
The hornet is moderately wounded.
You slash the adder!
You kill the adder!
Trog accepts your kill.
You feel sick. The hornet stings you!
* * * LOW HITPOINT WARNING * * *
You feel as though you will be slow longer.
The hornet stings you but does no damage.
You miss the hornet. You headbutt the hornet.
The hornet is moderately wounded.
The hornet stings you but does no damage.
You slash the hornet! Your headbutt misses the hornet.
The hornet is severely wounded.
You feel sick. The hornet barely misses you.
A ribbon worm comes into view.
You miss the hornet.
The hornet is severely wounded.
You feel sick. The hornet stings you.
* * * LOW HITPOINT WARNING * * *
You are more poisoned.
You suddenly lose the ability to move!
* * * LOW HITPOINT WARNING * * *
You feel very sick. The hornet stings you.
* * * LOW HITPOINT WARNING * * *
You feel as though you will be slow longer.
The hornet stings you but does no damage.
The ribbon worm expels a string of sticky webbing.
The stream of webbing hits you but does no damage.
You are caught in a web!
* * * LOW HITPOINT WARNING * * *
You feel very sick. The hornet stings you.
* * * LOW HITPOINT WARNING * * *
You feel as though you will be slow longer.
You die...

### ##### .. #...
#...# #...
.....#...######....
#.........#..#.....
#............
#............ .
###............ ..
#...##y........
#...
#......@......#
....##...........##
#.. #...........#
#..#......#.#....
##........##~# ###
#...##.#### w~
#.....##### ~# ..
.###....###.## ##
.# .............#


You could see a hornet and a ribbon worm (catching breath).

Vanquished Creatures
  Duvessa (D:4)
  An ice beast (D:4)
  Dowan (D:4)
  A hound (D:4)
  A bombardier beetle (D:4)
  Terence (D:2)
  3 orc wizards
  Robin (D:2)
  2 adders
  2 dart slugs (D:1)
  2 ribbon worms (D:2)
  11 orcs
  4 bats
  4 endoplasms
  3 giant cockroaches
  12 goblins
  12 hobgoblins
  2 kobolds
  5 quokkas
  5 ball pythons
  4 rats
78 creatures vanquished.

Notes
Turn   | Place    | Note
-------+----------+-------------------------------------------
     0 | D:1      | nicanaca0 the Minotaur Berserker began the quest for the
                  | Orb.
     0 | D:1      | Reached XP level 1. HP: 19/19 MP: 0/0
    11 | D:1      | Reached skill level 4 in Axes
    16 | D:1      | Reached XP level 2. HP: 26/26 MP: 1/1
   559 | D:2      | Noticed Robin
   571 | D:2      | Reached skill level 5 in Axes
   573 | D:2      | Reached XP level 3. HP: 31/31 MP: 2/2
   575 | D:2      | Killed Robin
   582 | D:2      | Reached ** piety under Trog
  1039 | D:2      | Noticed Terence
  1053 | D:2      | Killed Terence
  1054 | D:2      | Reached skill level 6 in Axes
  1054 | D:2      | Reached XP level 4. HP: 21/39 MP: 3/3
  1585 | D:3      | Found a glowing silver altar of Zin.
  1597 | D:3      | Reached skill level 7 in Axes
  1597 | D:3      | Reached XP level 5. HP: 28/37 MP: 4/4
  1819 | D:4      | Noticed Dowan
  1819 | D:4      | Noticed Duvessa
  1838 | D:4      | Killed Duvessa
  1839 | D:4      | Reached skill level 8 in Axes
  1842 | D:4      | Killed Dowan
  1843 | D:4      | Reached XP level 6. HP: 13/51 MP: 5/5
  1960 | D:4      | Noticed an ice beast
  1976 | D:4      | Killed an ice beast
  1977 | D:4      | Reached skill level 9 in Axes
  2002 | D:4      | Reached XP level 7. HP: 54/57 MP: 6/6
  2136 | D:4      | Noticed a hornet
  2142 | D:4      | Reached *** piety under Trog
  2144 | D:4      | Paralysed by a hornet for 1 turns
  2149 | D:4      | Paralysed by a hornet for 3 turns
  2156 | D:4      | Paralysed by a hornet for 3 turns
  2158 | D:4      | HP: 2/85 [hornet (5)]
  2159 | D:4      | Succumbed to a hornet's poison

Illustrated notes

Levels and vault maps discovered:
D:1:      mainiacjoe_arrival_oval_in_oval, layout_rooms
D:2:      layout_rooms, uniq_robin, uniq_terence
D:3:      layout_basic, zin_treasury
D:4:      layout_cave_pools, gup_sewer_entry_bubbles, serial_shops,
          nicolae_shop_just_a_little_nook, uniq_duvessa

Skill      XL: |  1  2  3  4  5  6 |
---------------+-------------------+-----
Axes           | 4 5 6 7 8 9 |  9.7
Fighting       | |  3.6
Armour         | |  2.4
Dodging        | |  2.1

Action                     |  1- 3 |  4- 6 |  7- 9 || total
---------------------------+-------+-------+-------++-------
  Melee: Hand axe          |    18 |    28 |    14 ||    60
         Whip              |    49 |    64 |       ||   113
         Headbutt          |     6 |    14 |     2 ||    22
         Dagger            |       |    11 |       ||    11
         Punch             |       |     2 |       ||     2
  Throw: Boomerang         |       |    18 |     2 ||    20
 Invoke: Berserk           |     2 |     2 |     1 ||     5
         Trog's Hand       |       |     2 |       ||     2
    Use: Scroll            |       |     4 |       ||     4
         Potion            |       |     3 |     2 ||     5
 Armour: Animal skin       |     6 |       |       ||     6
         Ring mail         |    38 |       |       ||    38
         Leather armour    |     7 |       |       ||     7
         Scale mail        |       |    87 |    33 ||   120
  Dodge: Dodged            |    64 |    44 |    17 ||   125
